AoeStats
← Two_Smoothie_Machines

Arabia

510357082Analyzed
1v1 RM · 19h ago on Sep 30, 2026· 42m 18s· 2 players
Game mode
Random Map
Map size
Tiny (2 player)
Population
200
Speed
Normal
Resources
Standard
Victory
Conquest
Starting age
Dark Age
Ending age
Imperial Age
RankedLock teamsTeams togetherTeam positionsShared explorationLock speedFull tech treeHidden civsTurbo modeCheats
Victory
Defeat
🇫🇷 Bengalis · France
1149
+15
🇫🇷 Franks · France
1130
-15
Two_Smoothie_Machines
6:52 Loom
10:14 Feudal Age
10:44 Double-Bit Axe
20:01 Castle Age
18:35 Gold Mining
18:53 Scale Barding Armor
19:21 Fletching
21:27 Bow Saw
21:12 Town Watch
23:58 Chain Barding Armor
25:51 Forging
28:09 Pikeman
29:35 Scale Mail Armor
36:02 Squires
37:23 Wheelbarrow
38:29 Chain Mail Armor
mrtauers
6:47 Loom
9:13 Feudal Age
9:50 Double-Bit Axe
18:46 Castle Age
17:02 Horse Collar
17:16 Gold Mining
19:47 Wheelbarrow
20:12 Fletching
20:35 Bloodlines
20:26 Husbandry
25:48 Bodkin Arrow
26:23 Scale Barding Armor
28:29 Chain Barding Armor
30:42 Forging
34:20 Iron Casting
36:46 Imperial Age
34:33 Hand Cart
34:03 Town Watch
34:33 Hand Cart
34:03 Town Watch
37:31 Elite Elephant Archer
38:32 Bracer
40:42 Ballistics
41:23 Chemistry
41:22 Plate Barding Armor
42:18 Blast Furnace
Connection lost

Rejoining the realm…

Still unreachable

The connection could not be restored.

Session expired

The server has moved on; the page needs a fresh start.